 Dungeon Crawl Stone Soup version 0.31-a0-236-g9a0961fb85 (webtiles) character file.

Game seed: 13310880316973094644

2603 qw the Skirmisher (level 9, 0/79 HPs)
             Began as a Minotaur Hexslinger on July 10, 2023.
             Was an Initiate of Okawaru.
             Slain by a gnoll sergeant
             ... wielding a +0 spear
              (4 damage)
             ... on level 7 of the Dungeon.
             The game lasted 00:02:36 (6300 turns).

qw the Skirmisher (Minotaur Hexslinger)             Turns: 6300, Time: 00:02:36

Health: 0/79       AC: 16    Str: 13    XL:     9   Next: 33%
Magic:  9/9        EV: 13    Int: 10    God:    Okawaru [......]
Gold:   294        SH:  0    Dex: 17    Spells: 9/10 levels left

rFire   . . .        l - +2 shortbow (heavy)
rCold   + . .        (shield currently unavailable)
rNeg    . . .        d - quicksilver dragon scales
rPois   .            (helmet restricted)
rElec   .            (no cloak)
rCorr   .            (no gloves)
SInv    +            j - +0 pair of boots
Will    +....        (no amulet)
Stlth   +            i - ring of see invisible
HPRegen 0.33/turn    g - ring of the Prince of Darkness {rC+ AC+4}
MPRegen 0.11/turn

%: no passive effects
@: no status effects
A: horns 2, retaliatory headbutt
a: Renounce Religion


You were on level 7 of the Dungeon.
You worshipped Okawaru.
Okawaru was noncommittal.
You visited 2 branches of the dungeon, and saw 8 of its levels.
You also visited: Sewer.

You collected 350 gold pieces.
You spent 56 gold pieces at shops.


Innate Abilities, Weirdness & Mutations

You have a pair of horns on your head.
You reflexively headbutt those who attack you in melee.


   Skills:
 - Level 7.3 Fighting
 + Level 10.5 Ranged Weapons
 - Level 4.8 Armour
 - Level 5.1 Dodging
 - Level 1.0 Spellcasting
 - Level 2.0 Hexes


You had 9 spell levels left.
You knew the following spells:

 Your Spells              Type           Power      Damage    Failure   Level
a - Slow                  Hex            16%        N/A       30%         1

Your spell library contained the following spells:

 Spells                   Type           Power      Damage    Failure   Level
 Inner Flame              Hex/Fire       2%         N/A       80%         3
 Portal Projectile        Hex/Tloc       4%         N/A       80%         3
 Cause Fear               Hex            2%         N/A       96%         4

Inventory:

Hand Weapons
 l - a +2 heavy shortbow (weapon)
Armour
 d - quicksilver dragon scales (worn)
 j - a +0 pair of boots (worn)
Jewellery
 c - a +6 ring of strength
 g - the ring of the Prince of Darkness (right hand) {rC+ AC+4}
   (You acquired it on level 3 of the Dungeon)

   [ring of protection]

   AC:        It affects your AC (+4).
   rC:        It protects you from cold.
 i - a ring of see invisible (left hand)
 k - a ring of fire
Scrolls
 b - a scroll of identify
Potions
 a - 3 potions of resistance
 e - 9 potions of curing
 h - a potion of degeneration {unknown}
 m - a potion of might {unknown}
 n - 3 potions of enlightenment
 q - a potion of mutation {unknown}

Dungeon Overview and Level Annotations

Branches:
Dungeon (7/15)             Temple (1/1) D:7           Sewer (visited)

Altars:
Ashenzari
Dithmenos
Elyvilon
Fedhas
Gozag
Hepliaklqana
Makhleb
Nemelex Xobeh
Okawaru
Qazlal
Ru
Sif Muna
Trog
Uskayaw
Vehumet
Wu Jian
Xom
Yredelemnul
Zin

Shops:
D:2 ?!([*

Annotations:
D:4 1 runed translucent door, Crazy Yiuf


Message History

The gnoll hits you from afar with a +0 spear.
The gnoll hits you with a +0 flail.
You shoot an arrow. The arrow hits the gnoll.
The gnoll is almost dead.
You feel sick. The gnoll hits you but does no damage. The gnoll misses you.
The gnoll sergeant barely misses you.
The gnoll hits you from afar with a +0 spear.
You shoot an arrow. The arrow hits the gnoll!!
You kill the gnoll!
Okawaru accepts your kill.
You feel sick. The gnoll barely misses you. You furiously retaliate!
You headbutt the gnoll, but do no damage.
The gnoll sergeant barely misses you.
The gnoll hits you but does no damage. x3
The gnoll sergeant hits you but does no damage.
You shoot an arrow. The arrow hits the gnoll!
You kill the gnoll!
Okawaru accepts your kill.
You feel sick.
The gnoll sergeant hits you but does no damage.
The gnoll barely misses you.
You shoot an arrow. The arrow hits the gnoll sergeant.
The gnoll sergeant is lightly wounded.
You feel sick.
You are no longer poisoned.
The gnoll sergeant hits you from afar with a +0 spear.
The gnoll closely misses you.
The gnoll sergeant hits you but does no damage.
The gnoll barely misses you.
You shoot an arrow.
The arrow barely misses the gnoll sergeant.
The gnoll sergeant closely misses you. The gnoll barely misses you.
You shoot an arrow. The arrow hits the gnoll sergeant.
The gnoll sergeant is moderately wounded.
The gnoll sergeant barely misses you. The gnoll barely misses you.
You shoot an arrow. The arrow hits the gnoll sergeant!
The gnoll sergeant is severely wounded.
The gnoll sergeant hits you from afar with a +0 spear.
The gnoll hits you but does no damage.
The gnoll sergeant hits you from afar with a +0 spear.
You die...

#######.......# ##...
#....##.......# #....
#....##.......# #.###
#....##.......# #.#
.###....##.......###.###
.'......'........'......
.###....##.......###.###
#...)##.......# #....
#..)@##.......# #.###
#..).############.#..
....##.gg #.....#.# ....
#.... #.#####.# ...
#..... #.#####.# #.
#...... #.......#
#......# #######..
#......# ### #


You could see a gnoll sergeant and a gnoll.

Vanquished Creatures
  Pikel (D:7)
  Maggie (D:6)
  Edmund (D:4)
  4 water moccasins
  An ice beast (D:7)
  A black bear (D:3)
  2 ogres
  A centaur (D:5)
  A phantom (D:4)
  A kobold brigand (Sewer)
  A bullfrog (D:6)
  A scorpion (D:6)
  2 jellies
  A hound (D:4)
  2 orc priests (D:7)
  A gnoll bouda (D:5)
  A sleepcap (D:5)
  3 iguanas
  3 orc wizards
  7 gnolls
  11 adders
  A shadow imp (D:5)
  4 worms
  5 dart slugs
  18 orcs
  5 ball pythons
  5 bats
  12 endoplasms
  9 giant cockroaches
  7 goblins
  8 hobgoblins
  A jackal (Sewer)
  8 kobolds
  5 quokkas
  2 frilled lizards
  16 rats
153 creatures vanquished.

Notes
Turn   | Place    | Note
-------+----------+-------------------------------------------
     0 | D:1      | qw the Minotaur Hexslinger began the quest for the Orb.
     0 | D:1      | Reached XP level 1. HP: 16/16 MP: 1/1
     0 | D:1      | 0 ||| qw: Version: 0.3-a-51-g015441d
     0 | D:1      | 0 ||| qw: Game counter: 4489
     0 | D:1      | 0 ||| qw: Melee chars always use a shield: true
     0 | D:1      | 0 ||| qw: God list: Okawaru
     0 | D:1      | 0 ||| qw: Allow faded altars: false
     0 | D:1      | 0 ||| qw: Do Orc after clearing Dungeon:15 true
     0 | D:1      | 0 ||| qw: Do second Lair branch before Depths: true
     0 | D:1      | 0 ||| qw: Lair rune preference: random
     0 | D:1      | 0 ||| qw: Goals: Normal
     0 | D:1      | 0 ||| PLANNING D:1-11
   123 | D:1      | Reached skill level 3 in Ranged Weapons
   123 | D:1      | Reached XP level 2. HP: 13/23 MP: 2/2
   663 | D:1      | Reached XP level 3. HP: 29/29 MP: 3/3
   953 | D:1      | 953 ||| UPGRADING to quicksilver dragon scales.
   963 | D:1      | 963 ||| DROPPING +0 robe.
   964 | D:1      | 964 ||| READING scroll labelled DUAPHA IH XASU.
  1017 | D:1      | 1017 ||| READING scroll labelled SUAL UPLILULOXT.
  1018 | D:1      | 1018 ||| DROPPING scroll of poison.
  1044 | D:2      | 1044 ||| STAIRDANCE
  1047 | D:1      | Reached skill level 1 in Armour
  1108 | D:2      | Reached skill level 4 in Ranged Weapons
  1116 | D:2      | Reached XP level 4. HP: 26/36 MP: 4/4
  1121 | D:2      | 1121 ||| FLEEEEING.
  1122 | D:2      | 1122 ||| FLEEEEING.
  1123 | D:2      | 1123 ||| FLEEEEING.
  1124 | D:2      | 1124 ||| FLEEEEING.
  1125 | D:2      | 1125 ||| FLEEEEING.
  1126 | D:2      | 1126 ||| FLEEEEING.
  1127 | D:2      | 1127 ||| FLEEEEING.
  1128 | D:2      | 1128 ||| STAIRDANCE
  1151 | D:1      | 1151 ||| READING scroll labelled CYP NUXTICK.
  1163 | D:2      | Found Irrerphac's Weapon Emporium.
  1165 | D:2      | Found Nimofol's Antique Armour Boutique.
  1324 | D:2      | 1324 ||| SHOPLISTING embroidered scarf (224 gold, have 52).
  1324 | D:2      | 1324 ||| SHOPLISTING glowing leather armour (140 gold, have
                  | 52).
  1325 | D:2      | Found Irghawk's Assorted Antiques.
  1350 | D:2      | 1350 ||| BUYING bubbling purple potion (20 gold).
  1350 | D:2      | Bought a bubbling purple potion for 20 gold pieces
  1350 | D:2      | 1350 ||| SHOPLISTING cloak (103 gold, have 32).
  1350 | D:2      | 1350 ||| SHOPLISTING iron wand (92 gold, have 32).
  1350 | D:2      | 1350 ||| SHOPLISTING twisted fluorescent wand (92 gold,
                  | have 32).
  1433 | D:2      | 1433 ||| DRINKING 2 bubbling purple potions.
  1434 | D:2      | 1434 ||| READING 2 scrolls of identify.
  1434 | D:2      | 1434 ||| IDENTIFYING sapphire potion
  1505 | D:2      | Found a burning altar of Makhleb.
  1514 | D:2      | Found Soeggie's Distillery.
  1529 | D:2      | 1529 ||| BUYING potion of curing (36 gold).
  1529 | D:2      | Bought a potion of curing for 36 gold pieces
  1529 | D:2      | 1529 ||| SHOPLISTING potion of curing (36 gold, have 24).
  1529 | D:2      | 1529 ||| SHOPLISTING potion of haste (120 gold, have 24).
  1529 | D:2      | 1529 ||| SHOPLISTING potion of heal wounds (60 gold, have
                  | 24).
  1529 | D:2      | 1529 ||| SHOPLISTING potion of might (48 gold, have 24).
  1530 | D:2      | Found Vebebbur's Magic Scroll Emporium.
  1538 | D:2      | 1538 ||| SHOPLISTING scroll of teleportation (42 gold, have
                  | 24).
  1639 | D:2      | 1639 ||| READING scroll labelled POSTRA HOCK.
  1644 | D:2      | 1644 ||| READING 2 scrolls of identify.
  1644 | D:2      | 1644 ||| IDENTIFYING red potion
  1645 | D:2      | 1645 ||| DROPPING potion of magic.
  1691 | D:3      | Reached skill level 5 in Ranged Weapons
  1858 | D:3      | Reached XP level 5. HP: 44/44 MP: 5/5
  1859 | D:3      | Noticed a black bear
  1873 | D:3      | Killed a black bear
  2376 | D:3      | 2376 ||| UPGRADING to ring of see invisible.
  2377 | D:3      | 2377 ||| READING scroll labelled ACEOKOAMMY KAULEVU.
  2377 | D:3      | Identified a scroll of acquirement
  2377 | D:3      | 2377 ||| ACQUIRING ring of the Prince of Darkness {rC+
                  | AC+4}
  2377 | D:3      | Acquired the ring of the Prince of Darkness {rC+ AC+4}
  2379 | D:3      | 2379 ||| UPGRADING to ring of the Prince of Darkness {rC+
                  | AC+4}.
  2380 | D:3      | 2380 ||| READING 2 scrolls of identify.
  2380 | D:3      | 2380 ||| IDENTIFYING bubbling blue potion
  2381 | D:3      | 2381 ||| DROPPING potion of attraction.
  2412 | D:4      | 2412 ||| STAIRDANCE
  2515 | D:4      | Reached XP level 6. HP: 51/53 MP: 6/6
  2533 | D:4      | Noticed Edmund
  2554 | D:4      | HP: 11/53 [Edmund/+1 dire flail of protection (3)]
  2555 | D:4      | 2555 ||| READING scroll of teleportation.
  2558 | D:4      | HP: 5/53 [Edmund/+1 dire flail of protection (5)]
  2824 | D:4      | 2824 ||| FLEEEEING.
  2935 | D:4      | Found a shadowy altar of Dithmenos.
  3057 | D:4      | Reached skill level 6 in Ranged Weapons
  3067 | D:4      | HP: 7/53 [Edmund/+1 dire flail of protection (7)]
  3070 | D:4      | HP: 3/53 [Edmund/+1 dire flail of protection (2)]
  3071 | D:4      | Killed Edmund
  3072 | D:4      | Reached XP level 7. HP: 4/60 MP: 7/7
  3298 | D:4      | Found a white marble altar of Elyvilon.
  3541 | D:4      | HP: 9/60 [ogre/+0 giant spiked club (9)]
  3544 | D:4      | Reached skill level 7 in Ranged Weapons
  3934 | D:4      | 3934 ||| FLEEEEING.
  3935 | D:4      | 3935 ||| FLEEEEING.
  3936 | D:4      | 3936 ||| FLEEEEING.
  3937 | D:4      | 3937 ||| FLEEEEING.
  3938 | D:4      | 3938 ||| FLEEEEING.
  4025 | D:4      | Found a runed translucent door.
  4026 | D:4      | Noticed Crazy Yiuf
  4166 | D:4      | 4166 ||| UPGRADING to +0 pair of boots.
  4171 | D:4      | 4171 ||| READING 3 scrolls labelled XYOTIZUECS.
  4172 | D:4      | 4172 ||| DROPPING 2 scrolls of amnesia.
  4247 | D:5      | Entered Level 5 of the Dungeon
  4248 | D:5      | 4248 ||| PLANNING SEWER
  4402 | D:5      | Reached skill level 3 in Armour
  4437 | D:5      | Reached skill level 8 in Ranged Weapons
  4558 | D:5      | 4558 ||| SWAPPING to +2 heavy shortbow.
  4559 | D:5      | 4559 ||| DROPPING +1 sling.
  4585 | D:5      | 4585 ||| FLEEEEING.
  4586 | D:5      | 4586 ||| FLEEEEING.
  4587 | D:5      | 4587 ||| FLEEEEING.
  4588 | D:5      | 4588 ||| FLEEEEING.
  4594 | D:5      | Reached XP level 8. HP: 68/68 MP: 8/8
  4811 | D:5      | Found a glowing drain.
  4818 | D:5      | 4818 ||| READING scroll labelled MIASOB NALOYGU.
  4819 | D:5      | 4819 ||| READING 2 scrolls of identify.
  4819 | D:5      | 4819 ||| IDENTIFYING pink potion
  4822 | D:5      | 4822 ||| Stepping ~*~*~tactically~*~*~ (water).
  4831 | Sewer    | Entered a sewer
  4864 | Sewer    | 4864 ||| Stepping ~*~*~tactically~*~*~ (water).
  4882 | Sewer    | 4882 ||| Stepping ~*~*~tactically~*~*~ (water).
  4887 | Sewer    | 4887 ||| FLEEEEING.
  4988 | Sewer    | Found a white marble altar of Elyvilon.
  5032 | D:5      | 5032 ||| PLANNING D:1-11
  5129 | D:5      | Reached skill level 9 in Ranged Weapons
  5319 | D:5      | 5319 ||| READING 2 scrolls labelled RUH ELLUXT.
  5320 | D:5      | 5320 ||| DROPPING scroll of immolation.
  5365 | D:6      | Noticed Maggie
  5378 | D:6      | Killed Maggie
  5568 | D:6      | Reached skill level 6 in Fighting
  5720 | D:6      | Noticed a troll
  5805 | D:6      | 5805 ||| DROPPING ring of magical power.
  5806 | D:6      | 5806 ||| READING scroll labelled CIPAOCAETE.
  5838 | D:7      | Noticed Pikel
  5844 | D:7      | Killed Pikel
  5845 | D:7      | Reached skill level 10 in Ranged Weapons
  5845 | D:7      | Reached XP level 9. HP: 75/75 MP: 9/9
  6037 | D:7      | Found a staircase to the Ecumenical Temple.
  6038 | D:7      | 6038 ||| PLANNING TEMPLE
  6047 | Temple   | Entered the Ecumenical Temple
  6061 | Temple   | 6061 ||| PLANNING OKAWARU WORSHIP
  6231 | Temple   | Became a worshipper of Warmaster Okawaru
  6232 | Temple   | 6232 ||| PLANNING D:1-11
  6290 | D:7      | HP: 10/78 [disintegration[a gnoll sergeant] (14)]
  6291 | D:7      | 6291 ||| DRINKING potion of heal wounds.
  6295 | D:7      | HP: 10/79 [poisoned by a water moccasin]
  6297 | D:7      | HP: 4/79 [gnoll sergeant/+0 spear (5)]
  6300 | D:7      | Slain by a gnoll sergeant

Levels and vault maps discovered:
D:1:      lemuel_arrival_cross, layout_loops_corners, serial_forest,
          infiniplex_forest_straight_5, infiniplex_forest_straight_3,
          infiniplex_forest_end_2, infiniplex_forest_lined_1
D:2:      layout_rooms, basic_altar, serial_shops, nicolae_shop_tiny_glass,
          shop, nicolae_shop_overgrown_old_shop, nicolae_square_shop,
          nicolae_square_shop
D:3:      layout_basic, dreamdust_mushroom_princess,
          chequers_serial_rivers_micro_c
D:4:      cheibrodos_old_hovel, layout_gridville, elyvilon_altar_4,
          nicolae_dithmenos_the_darkroom, hex_tiny, uniq_crazy_yiuf_cottage,
          uniq_edmund
D:5:      kennysheep_spiral_hall, layout_cave_pods, gup_sewer_entry_pipe
D:6:      layout_cave_pools, serial_column_ruins, column_ruins_hut_water,
          column_ruins_open_small, column_ruins_grid_1, column_ruins_open_small,
          column_ruins_grid_1, column_ruins_open_tiny, column_ruins_open_tiny,
          lightli_corner_chamber, uniq_maggie
D:7:      layout_basic, cheibriados_altar_1, minmay_temple_entry_proselytizer,
          serial_glass, glass_columns_a, glass_columns_a, item_on_display_a,
          uniq_pikel, uniq_menkaure
Temple:   nicolae_temple_bog_church

Skill      XL: |  1  2  3  4  5  6  7  8  9 |
---------------+----------------------------+-----
Ranged Weapons | 3 4 5 6 8 10 | 10.5
Fighting       | 2 4 5 6 7 |  7.3
Armour         | 1 2 3 4 |  4.8
Dodging        | 5 |  5.1
Spellcasting   | |  1.0
Hexes          | |  2.0

Action                     |  1- 3 |  4- 6 |  7- 9 || total
---------------------------+-------+-------+-------++-------
   Fire: Sling             |    83 |   266 |    91 ||   440
         Shortbow          |       |       |   123 ||   123
    Use: Scroll            |     2 |     7 |     5 ||    14
         Potion            |       |     1 |     1 ||     2
 Armour: Robe              |     2 |       |       ||     2
         Quicksilver drago |    11 |   110 |    49 ||   170
  Dodge: Dodged            |    23 |   124 |    83 ||   230

Table legend:
 A = Non-vault XP
 B = Vault XP
 C = Vault XP percentage of total XP
 D = Non-vault monster count
 E = Vault monster count
 F = Vault count percentage of total count
                 A         B        C        D         E       F
            +---------+---------+-------+---------+---------+-------
      Total |    1964 |    1755 |  47.2 |     129 |      24 |  15.7
            +---------+---------+-------+---------+---------+-------
        D:1 |      68 |       0 |   0.0 |      30 |       0 |   0.0
        D:2 |      82 |       0 |   0.0 |      23 |       0 |   0.0
        D:3 |     193 |       0 |   0.0 |      17 |       0 |   0.0
        D:4 |     535 |     160 |  23.0 |      33 |       2 |   5.7
        D:5 |     117 |     433 |  78.7 |       6 |       9 |  60.0
        D:6 |     560 |     395 |  41.4 |      10 |       1 |   9.1
        D:7 |     409 |     658 |  61.7 |      10 |       2 |  16.7
      Sewer |       0 |     109 | 100.0 |       0 |      10 | 100.0
            +---------+---------+-------+---------+---------+-------
